 Dungeon Sprint DCSS version 0.29.1-1-gd02db6906a (webtiles) character file.

Game seed: 13877044403704842542

63 Groucho the Ducker (level 3, 0/18 HPs)
             Began as a Felid Fighter on Oct 14, 2022.
             Slain by a hound (6 damage)
             ... in the Dungeon (Sprint IX: "|||||||||||||||||||||||||||||").
             The game lasted 00:00:35 (284 turns).

Groucho the Ducker (Felid Fighter)                   Turns: 284, Time: 00:00:35

Health: 0/18       AC:  1    Str: 14    XL:     3   Next: 87%
Magic:  4/8        EV: 19    Int:  9    God:
Gold:   0          SH:  0    Dex: 15    Spells: 7/7 levels left
                                        Lives:  0   Deaths: 0

rFire   . . .      SeeInvis +     - Unarmed
rCold   . . .      Faith    .   (shield unavailable)
rNeg    . . .      Spirit   .   (body armour unavailable)
rPois   .          Reflect  .   (helmet unavailable)
rElec   .          Harm     .   (cloak unavailable)
rCorr   .          Rampage  .   (gloves unavailable)
Will    .....      NoTele   +   (boots unavailable)
Stlth   +++.......              (no amulet)
HPRegen 0.06/turn               (no ring)
MPRegen 0.11/turn               (no ring)

@: quick
A: very small, claws 1, fangs 3, see invisible, speed 1, shaggy fur 1, stealthy
paws, no weapons or thrown items, no armour, multi-lived
a: no special abilities


You were in the Dungeon.
You visited 1 branch

Inventory:

Scrolls
 g - a scroll of blinking
Potions
 a - a potion of might
 b - a potion of curing
 c - a potion of heal wounds
 d - a potion of haste
 e - 2 potions of magic
 f - a potion of berserk rage


   Skills:
 + Level 4.4 Fighting
 + Level 5.9 Dodging
 + Level 4.6 Stealth
 + Level 5.2 Unarmed Combat
 + Level 2.8 Spellcasting


You had 7 spell levels left.
You didn't know any spells.
Your spell library was empty.

Dungeon Overview and Level Annotations

Branches:
Dungeon (1/1)

Altars:


Innate Abilities, Weirdness & Mutations

You have sharp claws.
You have razor-sharp teeth.
You have supernaturally acute eyesight. (SInv)
You cover ground quickly. (Speed+)
You are covered in fur. (AC +1)
Your paws help you pounce on unaware monsters.
You are incapable of wielding weapons or throwing items.
You cannot wear armour.
You gain extra lives every three experience levels.


Message History

Your Dodging skill increases to level 5!
Your Stealth skill gained 2 levels and is now at level 3!
Your Spellcasting skill increases to level 2!
You have reached level 2!
You have reached level 3!
Your experience leads to an increase in your attributes!
Increase (S)trength, (I)ntelligence, or (D)exterity?
You feel stronger. x2
Unknown command.
You scratch the orc priest.
The orc priest is lightly wounded.
The orc priest hits you with a +0 hand axe!
You are too injured to fight recklessly!
You are too injured to fight recklessly!
You barely miss the orc priest.
The orc priest is lightly wounded.
The orc priest barely misses you.
Unknown command.
You completely miss the orc priest.
The orc priest is lightly wounded.
Okay, then.
You scratch the orc priest but do no damage.
The orc priest is lightly wounded.
The orc priest barely misses you.
You claw the orc priest!
The orc priest is severely wounded.
The orc priest closely misses you.
You closely miss the orc priest.
The orc priest is severely wounded.
The orc priest hits you with a +0 hand axe.
* * * LOW HITPOINT WARNING * * *
Unknown command.
You scratch the orc priest.
You kill the orc priest!
Your Stealth skill increases to level 4!
Your Unarmed Combat skill increases to level 5!
Unknown command.
Unknown command.
You closely miss the hound. The hound bites you.
You die... ▓▓▓▓▓▓▓▓▓▓▓▓▓▓▓▓▓▓ ▓<...)÷....@hoS..+ ▓▓▓▓▓▓▓▓▓▓▓▓▓▓▓▓▓▓

You could see a hound, an adder and an orc.

Vanquished Creatures
  A jelly (D)
  An orc priest (D)
  An endoplasm (D)
  A quokka (D)
  2 frilled lizards (D)
  A kobold (D)
7 creatures vanquished.

Notes
Turn   | Place    | Note
-------+----------+-------------------------------------------
     0 | D        | Groucho the Felid Fighter began the quest for the Orb.
     0 | D        | Reached XP level 1. HP: 10/10 MP: 2/2
     7 | D        | Reached skill level 1 in Stealth
    17 | D        | Reached skill level 1 in Spellcasting
   273 | D        | Noticed a jelly
   273 | D        | Noticed an orc priest
   273 | D        | Noticed a hound
   276 | D        | Killed a jelly
   277 | D        | Reached skill level 5 in Dodging
   277 | D        | Reached XP level 2. HP: 13/15 MP: 4/6
   277 | D        | Reached XP level 3. HP: 16/18 MP: 4/7
   284 | D        | Reached skill level 5 in Unarmed Combat
   284 | D        | Slain by a hound

Illustrated notes

Levels and vault maps discovered:
D:        linesprint [early_d, line_temple, items_1, d_10, items_2, lair_1,
          lair_end, items_3, orc_1, orc_end, items_4, d_15, swamp_1, shoals_1,
          snake_1, spider_1, d_20, vaults_1, items_5, swamp_end, shoals_end,
          snake_end, spider_end, vaults_end, d_27, items_6, zot_1, zot_end,
          crypt_end, forest_end, elf_end, slime_end, tomb_end, abyss_end,
          pan_hell_end]

Skill      XL: |  1  2  3 |
---------------+----------+-----
Stealth        | 3 4 |  4.6
Spellcasting   | 2 |  2.8
Fighting       | 4 |  4.4
Dodging        | 5 |  5.9
Unarmed Combat | 5 |  5.2

Action                   || total
-------------------------++-------
Melee: Unarmed           ||    22
       Punch             ||     2
       Bite              ||     1
Dodge: Dodged            ||    10
